 Dungeon Crawl Stone Soup version 0.19-a0-734-ge18daf0 (webtiles) character file.

124 Justinthyme the Charlatan (level 4, -2/32 HPs)
             Began as a Demonspawn Artificer on June 22, 2016.
             Slain by a scorpion (7 damage)
             ... on level 3 of the Dungeon.
             The game lasted 00:03:27 (2430 turns).

Justinthyme the Charlatan (Demonspawn Artificer)    Turns: 2430, Time: 00:03:27

Health: -2/32      AC:  5    Str: 12    XL:     4   Next: 81%
Magic:  8/8        EV: 11    Int: 13    God:
Gold:   85         SH:  0    Dex: 14    Spells: 0 memorised, 3 levels left

rFire  . . .     SeeInvis .     a - +0 short sword
rCold  . . .     Gourm    .     k - +0 ring mail (curse)
rNeg   . . .     Faith    .     (no shield)
rPois  .         Spirit   .     (helmet restricted)
rElec  .         Dismiss  .     (no cloak)
rCorr  .         Reflect  .     (no gloves)
SustAt .         Harm     .     (no boots)
MR     .....                    (no amulet)
Stlth  +.........               (no ring)
                                (no ring)

@: not resistant to hostile enchantments, very unstealthy
A: horns 2
a: no special abilities


You were on level 3 of the Dungeon.
You were not hungry.

You visited 1 branch of the dungeon, and saw 3 of its levels.

You collected 85 gold pieces.

Inventory:

Hand Weapons
 a - a +0 short sword (weapon)
Missiles
 v - a throwing net (quivered)
Armour
 k - a cursed +0 ring mail (worn)
Wands
 c - a wand of flame (0/48)
 d - a wand of enslavement (14/24)
 e - a wand of random effects (5/48)
Scrolls
 i - 2 scrolls of magic mapping {unknown}
 l - a scroll of blinking {unknown}
 p - a scroll of amnesia {unknown}
 q - a scroll of enchant armour {unknown}
 t - a scroll of identify {unknown}
 u - a scroll of remove curse {unknown}
Potions
 b - 2 potions of curing
 g - 2 potions of lignification {unknown}
 h - a potion of mutation {unknown}
 m - a potion of degeneration {unknown}
 n - a potion of haste {unknown}
 o - 2 potions of flight {unknown}
 r - a potion of agility {unknown}
 s - a potion of brilliance {unknown}
Books
 x - a book of Cantrips

   Spells                             Type                      Level
   a - Corona                         Hexes                        1
   b - Animate Skeleton               Necromancy                   1
   c - Summon Small Mammal            Summoning                    1
   d - Apportation                    Translocation                1
Comestibles
 f - 2 bread rations
 j - a meat ration


   Skills:
 - Level 1.0 Fighting
 - Level 0.8 Short Blades
 - Level 1.7 Dodging
 - Level 0.8 Stealth
 * Level 5.6 Evocations


You had 3 spell levels left.
You didn't know any spells.

Dungeon Overview and Level Annotations

Branches:
Dungeon (3/15)

Altars:
Elyvilon
Hepliaklqana
Makhleb
Okawaru
Zin


Innate Abilities, Weirdness & Mutations

You have a pair of horns on your head.


Message History

* * * LOW HITPOINT WARNING * * *
This wand has 8 charges left.
Something stings you.
* * * LOW HITPOINT WARNING * * *
It was a potion of curing.
You feel better.
Something stings you but does no damage.
Evoke which item? (* to show all) (? for menu, Esc to quit)
Zapping:
e - a wand of random effects (8/48)
Press: ? - help, Shift-Dir - straight line Nothing appears to happen.
This wand has 7 charges left.
Something stings you but does no damage.
Evoke which item? (* to show all) (? for menu, Esc to quit)
Zapping:
e - a wand of random effects (7/48)
Press: ? - help, Shift-Dir - straight line Nothing appears to happen.
This wand has 6 charges left.
Something stings you.
* * * LOW HITPOINT WARNING * * *
Evoke which item? (* to show all) (? for menu, Esc to quit)
Zapping:
e - a wand of random effects (6/48)
Press: ? - help, Shift-Dir - straight line Nothing appears to happen.
This wand has 5 charges left.
Something stings you!
You die...

#.####.# #.#...##
#......# #.##..#
#####..# #.....# #..#
####..# #..# ##..#
#..#####...##
###...........##
##.#.####.......##
#.{@.# #....†....###
#.......'.........'..
#.......###.........###
#.###...# ##.......## #
##... ##.....## .....
##...## ..... ##'##
.....# #. #.


There were no monsters in sight!

Vanquished Creatures
  2 gnolls (D:2)
  4 adders
  An ooze (D:3)
  A dart slug (D:1)
  3 giant geckos
  An orc (D:3)
  2 ball pythons (D:1)
  3 giant cockroaches
  12 goblins
  6 hobgoblins
  A jackal (D:2)
  2 quokkas
  6 bats
  3 giant newts
  4 kobolds
  6 rats
57 creatures vanquished.

Vanquished Creatures (others)
  A hobgoblin (D:2)
1 creature vanquished.

Grand Total: 58 creatures vanquished

Notes
Turn   | Place    | Note
--------------------------------------------------------------
     0 | D:1      | Justinthyme the Demonspawn Artificer began the quest for the Orb.
     0 | D:1      | Reached XP level 1. HP: 15/15 MP: 3/3
   101 | D:1      | Gained mutation: You have a pair of small horns on your head. [demonic ancestry]
   101 | D:1      | Reached XP level 2. HP: 7/21 MP: 4/4
   654 | D:1      | Reached skill level 4 in Evocations
   858 | D:1      | Gained mutation: You have a pair of horns on your head. [demonic ancestry]
   858 | D:1      | Reached XP level 3. HP: 22/26 MP: 6/6
   873 | D:2      | Found a hazy altar of Hepliaklqana.
   921 | D:2      | Found a white marble altar of Elyvilon.
  1424 | D:2      | Reached skill level 5 in Evocations
  1424 | D:2      | Reached XP level 4. HP: 22/32 MP: 7/7
  2279 | D:3      | Found a glowing silver altar of Zin.
  2279 | D:3      | Found a burning altar of Makhleb.
  2280 | D:3      | Found an iron altar of Okawaru.
  2430 | D:3      | Slain by a scorpion

Vault maps used:
D:1:      minmay_arrival_stone_box, minivault_24, minmay_tetromino_i4
D:2:      old_standard_altar, elyvilon_altar_4, first_bread
D:3:      gammafunk_temple_overflow_claw

Skill      XL: |  1  2  3 |
---------------+----------+-----
Evocations     | 4 5 |  5.6
Fighting       | |  1.0
Short Blades   | |  0.8
Dodging        | |  1.7
Stealth        | |  0.8

Action                   |  1- 3 |  4- 6 || total
-------------------------+-------+-------++-------
Melee: Short sword       |   125 |    59 ||   184
       Headbutt          |    11 |    13 ||    24
Evoke: Wand              |    11 |    15 ||    26
  Use: Potion            |       |     1 ||     1
 Stab: Sleeping          |     1 |       ||     1
       Paralysed         |       |     2 ||     2
  Eat: Chunk             |     1 |     4 ||     5
Armor: Leather armour    |    13 |       ||    13
       Ring mail         |    31 |    14 ||    45
Dodge: Dodged            |    89 |    32 ||   121
